 Dungeon Crawl Stone Soup version 0.25-a0-294-gea9b1ad378 (webtiles) character file.

Game seed: 10697716228910585949, levelgen mode: classic

613 Borgoz the Cudgeler (level 7, 0/61 HPs)
             Began as a Gargoyle Berserker on Dec 19, 2019.
             Was a Believer of Trog.
             Slain by an orc warrior
             ... wielding a +0 short sword
              (14 damage)
             ... on level 6 of the Dungeon.
             The game lasted 00:04:35 (3957 turns).

Borgoz the Cudgeler (Gargoyle Berserker)            Turns: 3957, Time: 00:04:35

Health: 0/61       AC: 12    Str: 26    XL:     7   Next: 44%
Magic:  7/7        EV: 12    Int:  7    God:    Trog [**....]
Gold:   155        SH:  0    Dex: 11    Spells: 6/6 levels left

rFire    . . .     SeeInvis .   a - +0 mace
rCold    . . .     Gourm    .   (no shield)
rNeg     + . .     Faith    .   e - +0 ring mail
rPois    ∞         Spirit   .   (no helmet)
rElec    +         Reflect  .   d - +0 cloak
rCorr    .         Harm     .   (no gloves)
MR       ++...                  (no boots)
Stlth    ..........             (no amulet)
HPRegen  1.20/turn              (no ring)
MPRegen  0.10/turn              (no ring)

@: berserking, regenerating, very quick
A: negative energy resistance 1, electricity resistance, unbreathing,
petrification resistance, rot immunity, AC +4
a: Berserk, Trog's Hand, Renounce Religion


You were on level 6 of the Dungeon.
You worshipped Trog.
Trog was pleased with you.
You were near starving.

You visited 1 branch of the dungeon, and saw 5 of its levels.

You collected 155 gold pieces.

Inventory:

Hand Weapons
 a - a +0 mace (weapon)
Armour
 d - a +0 cloak (worn)
 e - a +0 ring mail (worn)
Wands
 q - a wand of enslavement (7)
Scrolls
 b - a scroll of fear {unknown}
 j - 2 scrolls of identify
 k - 2 scrolls of noise {unknown}
 l - a scroll of blinking {unknown}
 n - a scroll of teleportation {unknown}
 o - a scroll of enchant armour {unknown}
 p - 2 scrolls of amnesia {unknown}
 r - a scroll of immolation {unknown}
Potions
 f - 3 potions of curing {unknown}
 g - a potion of heal wounds
 h - a potion of agility {unknown}
 i - a potion of flight {unknown}
 m - 2 potions of degeneration {unknown}
 s - a potion of mutation {unknown}
 t - a potion of resistance {unknown}
 u - a potion of brilliance {unknown}
 v - a potion of haste {unknown}
Comestibles
 c - 12 rations
 w - 3 chunks of flesh


   Skills:
 - Level 3.2 Fighting
 + Level 5.3 Maces & Flails
 + Level 5.3 Armour
 + Level 4.0 Dodging


You had 6 spell levels left.
You didn't know any spells.
Your spell library was empty.

Dungeon Overview and Level Annotations

Branches:
Dungeon (4/15)
 Temple: D:4-7

Altars:
Makhleb
Trog
Vehumet
Xom

Annotations:
D:3 2 transporters


Innate Abilities, Weirdness & Mutations

You are resistant to torment.
Your stone body is resilient. (AC +4)
You are immune to poison.
You resist negative energy. (rN+)
You are resistant to electric shocks. (rElec)
You can survive without breathing.
You are immune to petrification.
You are immune to rotting.


Message History

Something hits you but does no damage. Something hits you.
Unknown command.
You hit the orc.
You kill the orc!
Trog accepts your kill. Something hits you but does no damage.
You closely miss something. Something hits you!
Something hits you but does no damage.
You barely miss something. Something hits you!
* * * LOW HITPOINT WARNING * * *
Something hits you but does no damage.
You sock something! Trog accepts your kill.
Trog appreciates your killing of a magic user.
Reactivating autopickup.
Your Dodging skill increases to level 4!
You feel a bit more experienced.
You are near starving!
Something hits you!
You die...

#####.# §^#..# .....#
≈.§≈^#
########..##♣♣≈..###
......#.(((##≈≈.##.# ##
...##.(<##..##^##..#
...
#.........).......#....
####...................
#.###......{........
#÷# #......)@.......
#.#........)........
###.#.##..............
#...#. #.........#....
###.###.############
?.. .....(..# ..
###.##### . ##.#
##..#########


There were no monsters in sight!

Vanquished Creatures
  Grinder (D:4)
  An ogre (D:4)
  A centaur (D:6)
  2 hounds
  A bullfrog zombie (D:6)
  A worker ant (D:4)
  An orc wizard (D:6)
  2 adders
  An ooze (D:1)
  An adder skeleton (D:4)
  2 worms (D:2)
  4 dart slugs
  3 leopard geckos
  6 orcs
  3 ball pythons (D:1)
  7 bats
  7 giant cockroaches
  7 goblins
  5 hobgoblins
  5 jackals (D:3)
  3 kobolds
  2 quokkas
  5 frilled lizards
  8 rats
79 creatures vanquished.

Notes
Turn   | Place    | Note
-------+----------+-------------------------------------------
     0 | D:1      | Borgoz the Gargoyle Berserker began the quest for the Orb.
     0 | D:1      | Reached XP level 1. HP: 14/14 MP: 1/1
   180 | D:1      | Reached XP level 2. HP: 16/19 MP: 2/2
   581 | D:1      | Reached ** piety under Trog
   581 | D:1      | Reached XP level 3. HP: 13/23 MP: 3/3
  1245 | D:2      | Noticed a moth of wrath
  1248 | D:2      | Found a bloodstained altar of Trog.
  1718 | D:2      | Reached XP level 4. HP: 28/28 MP: 4/4
  2070 | D:3      | Found a transporter.
  2084 | D:3      | Noticed an orc warrior
  2085 | D:3      | Noticed a bullfrog
  2087 | D:3      | Found a transporter.
  2087 | D:3      | Found a burning altar of Makhleb.
  3116 | D:4      | Noticed an ogre
  3125 | D:4      | Killed an ogre
  3125 | D:4      | Reached XP level 5. HP: 19/32 MP: 5/5
  3458 | D:4      | Reached XP level 6. HP: 36/37 MP: 6/6
  3496 | D:4      | Noticed Grinder
  3530 | D:4      | Paralysed by Grinder for 4 turns
  3536 | D:4      | Paralysed by Grinder for 5 turns
  3544 | D:4      | Paralysed by Grinder for 6 turns
  3557 | D:4      | Killed Grinder
  3557 | D:4      | Reached skill level 5 in Maces & Flails
  3557 | D:4      | Reached XP level 7. HP: 34/41 MP: 7/7
  3697 | D:4      | Found a radiant altar of Vehumet.
  3836 | D:4      | You fall into a shaft and drop 2 floors!
  3895 | D:6      | Reached skill level 5 in Armour
  3907 | D:6      | Found a shimmering altar of Xom.
  3957 | D:6      | Slain by an orc warrior

Levels and vault maps discovered:
D:1:      grunt_arrival_crossed_arrows, layout_basic
D:2:      layout_loops_ring, tgw_trog
D:3:      layout_basic, gammafunk_temple_overflow_arena, grunt_decor_cap
D:4:      layout_basic, lemuel_doored_altar, fiery_altar_vehumet,
          minmay_temple_entry_junction, first_ration, grunt_ministairs_8,
          uniq_pikel, uniq_grinder
D:6:      layout_rooms, xom_redecorated, uniq_crazy_yiuf_cottage

Skill      XL: |  1  2  3  4  5  6  7 |
---------------+----------------------+-----
Dodging        | 2 3 4 |  4.0
Armour         | 3 4 5 |  5.3
Maces & Flails | 4 5 |  5.3
Fighting       | |  3.2

Action                   |  1- 3 |  4- 6 |  7- 9 || total
-------------------------+-------+-------+-------++-------
Melee: Mace              |   103 |   132 |    43 ||   278
Invok: Berserk           |     2 |     3 |     2 ||     7
       Trog's Hand       |       |       |     1 ||     1
  Use: Potion            |       |     1 |     3 ||     4
       Scroll            |       |     1 |       ||     1
  Eat: Chunk             |     1 |     4 |     4 ||     9
       Ration            |     1 |     1 |       ||     2
Armor: Ring mail         |    48 |    79 |    34 ||   161
Dodge: Dodged            |    70 |   110 |    39 ||   219

Table legend:
 A = Non-vault XP
 B = Vault XP
 C = Vault XP percentage of total XP
 D = Non-vault monster count
 E = Vault monster count
 F = Vault count percentage of total count
                 A         B        C        D         E       F
            +---------+---------+-------+---------+---------+-------
      Total |     482 |     394 |  45.0 |      72 |       7 |   8.9
            +---------+---------+-------+---------+---------+-------
        D:1 |      40 |       0 |   0.0 |      21 |       0 |   0.0
        D:2 |      35 |      10 |  22.2 |       9 |       5 |  35.7
        D:3 |      69 |       0 |   0.0 |      32 |       0 |   0.0
        D:4 |      88 |     384 |  81.4 |       4 |       2 |  33.3
        D:6 |     250 |       0 |   0.0 |       6 |       0 |   0.0
            +---------+---------+-------+---------+---------+-------
